 Dungeon Crawl Stone Soup version 0.30.0 (webtiles) character file.

Game seed: 13475515841520791694

9 Dani the Trooper (level 2, 24/24 HPs)
             Began as a Demonspawn Fighter on May 20, 2023.
             Quit the game on level 1 of the Dungeon.
             The game lasted 00:00:32 (375 turns).

Dani the Trooper (Demonspawn Fighter)                Turns: 375, Time: 00:00:33

Health: 24/24      AC:  6    Str: 16    XL:     2   Next: 3%
Magic:  2/2        EV:  8    Int:  9    God:
Gold:   18         SH:  4    Dex: 12    Spells: 1/1 levels left

rFire   . . .        a - +0 war axe
rCold   . . .        c - +0 buckler
rNeg    . . .        b - +0 scale mail
rPois   .            (no helmet)
rElec   .            (no cloak)
rCorr   .            (no gloves)
SInv    .            (no boots)
Will    .....        (no amulet) Stlth
                     (no ring)
HPRegen 0.24/turn    (no ring)
MPRegen 0.08/turn

%: no passive effects
@: no status effects
A: claws 1
a: no special abilities


You were on level 1 of the Dungeon.
You visited 1 branch of the dungeon, and saw 1 of its levels.

You collected 18 gold pieces.

Inventory:

Hand Weapons
 a - a +0 war axe (weapon)
Armour
 b - a +0 scale mail (worn)
 c - a +0 buckler (worn)
Jewellery
 y - an amulet of magic regeneration
   (You found it on level 1 of the Dungeon)
Scrolls
 e - 3 scrolls of teleportation {unknown}
 f - a scroll of fog {unknown}
Potions
 d - a potion of might


   Skills:
 - Level 3.0 Fighting
 + Level 2.5 Axes
 - Level 2.6 Armour
 - Level 2.6 Shields


You had one spell level left.
You didn't know any spells.
Your spell library was empty.

Dungeon Overview and Level Annotations

Branches:
Dungeon (1/15)

Altars:


Innate Abilities, Weirdness & Mutations

You have sharp fingernails.


Message History

Key pressed, stopping explore.
No target in view!
Key pressed, stopping explore.
No target in view!
A bat comes into view.
You block the bat's attack.
A bat is nearby!
The bat hits you but does no damage.
A bat is nearby!
A bat is nearby!
The bat closely misses you.
A bat is nearby!
You closely miss the bat. You block the bat's attack.
The bat hits you but does no damage. The bat barely misses you.
A bat is nearby!
The bat barely misses you.
A bat is nearby!
You closely miss the bat. The bat hits you but does no damage.
A bat is nearby!
You slash the bat!
You kill the bat!
Key pressed, stopping explore.
No target in view!
Key pressed, stopping explore.
No target in view!
Key pressed, stopping explore.
No target in view!
Key pressed, stopping explore.
Key pressed, stopping explore.
No target in view!
Key pressed, stopping explore.
No target in view!
Key pressed, stopping explore.
No target in view!
Key pressed, stopping explore.
No target in view!
Key pressed, stopping explore.
No target in view!
Key pressed, stopping explore.
Key pressed, stopping explore.
No target in view!
Key pressed, stopping explore.
No target in view!
Key pressed, stopping explore.
No target in view!
You now have 18 gold pieces (gained 7).
Key pressed, stopping explore.
No target in view!
Key pressed, stopping explore.
No target in view!
Key pressed, stopping explore.
Key pressed, stopping explore.
No target in view!
No target in view!
Key pressed, stopping explore.
No target in view!
Key pressed, stopping explore.
No target in view!
Key pressed, stopping explore.
Key pressed, stopping explore.
No target in view!
A frilled lizard comes into view.
Found a twisted lapis lazuli amulet.
The frilled lizard hisses angrily.
A frilled lizard is nearby!
A frilled lizard is nearby!
The frilled lizard bites you but does no damage.
A frilled lizard is nearby!
You completely miss the frilled lizard. The frilled lizard closely misses you.
A frilled lizard is nearby!
You miss the frilled lizard.
The frilled lizard barely misses you. x2
A frilled lizard is nearby!
A frilled lizard is nearby!
You hit the frilled lizard.
You kill the frilled lizard!
You see here a frilled lizard corpse.
Key pressed, stopping explore.
No target in view!
Key pressed, stopping explore.
No target in view!
No target in view!
y - an amulet of magic regeneration
Found a stone staircase leading down.
An endoplasm comes into view.
The endoplasm quivers.
An endoplasm is nearby!
An endoplasm is nearby!
An endoplasm is nearby!
An endoplasm is nearby!
An endoplasm is nearby!
The endoplasm hits you but does no damage.
An endoplasm is nearby!
You slash the endoplasm!
You kill the endoplasm!
You have reached level 2!
You feel monstrous as your demonic heritage exerts itself.
Your demonic ancestry asserts itself...
Your fingernails lengthen.
Okay, then.
Are you sure you want to abandon this character and quit the game? (Confirm with "yes".)

. #.##.### . .....#.
#.##. . .##..#.#.##.##.
.. .......#.##..[. ...
###.............. ....
#..........##.... #....
#.#.#.##.........
#...##.#.#.##.........
#....@................
#...>........####†#..>..
#.#...#..#.......###+###
#..............# #
#.#.#..#.###...#
#.......^....###
#.#.#..#.#####
.......... ... ..


There were no monsters in sight!

Vanquished Creatures
  A bat (D:1)
  An endoplasm (D:1)
  A quokka (D:1)
  2 ball pythons (D:1)
  3 frilled lizards (D:1)
  A goblin (D:1)
  A kobold (D:1)
10 creatures vanquished.

Notes
Turn   | Place    | Note
-------+----------+-------------------------------------------
     0 | D:1      | Dani the Demonspawn Fighter began the quest for the Orb.
     0 | D:1      | Reached XP level 1. HP: 18/18 MP: 1/1
    52 | D:1      | Reached skill level 2 in Axes
   375 | D:1      | Discovered your monstrous ancestry.
   375 | D:1      | Gained mutation: You have sharp fingernails. [demonic
                  | ancestry]
   375 | D:1      | Reached XP level 2. HP: 24/24 MP: 2/2
   375 | D:1      | Quit the game

Illustrated notes

Levels and vault maps discovered:
D:1:      denvon_arrival_waterhouse, layout_basic, chequers_arboretum,
          nicolae_concentric_dashed_squares_wild

Skill      XL: |  1 |
---------------+----+-----
Axes           | 2 |  2.5
Fighting       | |  3.0
Armour         | |  2.6
Shields        | |  2.6

Action                     || total
---------------------------++-------
  Melee: War axe           ||    24
 Armour: Scale mail        ||    18
  Dodge: Dodged            ||    15
  Block: Buckler           ||     6

Levels and vault maps discovered:
D:1:      denvon_arrival_waterhouse, layout_basic, chequers_arboretum,
          nicolae_concentric_dashed_squares_wild

Table legend: (Time is in decaauts)
 A = Elapsed time spent in this place.
 B = Non-inter-level travel time spent in this place.
 C = Inter-level travel time spent in this place.
 D = Time resting spent in this place.
 E = Time spent auto-exploring this place.
 F = Levels seen in this place.
 G = Mean time per level.
                   A        B        C        D        E       F      G
               +--------+--------+--------+--------+--------+-----+--------+
         Total |    385 |    385 |      0 |      0 |    316 |   1 |  385.0 |
       Dungeon |    385 |    385 |      0 |      0 |    316 |   1 |  385.0 |
               +--------+--------+--------+--------+--------+-----+--------+

Top non-repeatable levels by time:
     D:1: 385 daAuts

Table legend:
 A = Kills in this place as a percentage of kills in the entire game.
 B = Kills by you in this place as a percentage of kills by you in the entire game.
 C = Kills by friends in this place as a percentage of kills by friends in the entire game.
 D = Other kills in this place as a percentage of other kills in the entire game.
 E = Experience gained in this place as a percentage of experience gained in the entire game.
 F = Experience gained in this place divided by the number of levels of this place that you have seen.
                   A       B       C       D       E      F
               +-------+-------+-------+-------+-------+----------------------
         Total | 100.0 | 100.0 |   N/A |   N/A | 100.0 |  13.0
       Dungeon | 100.0 | 100.0 |   N/A |   N/A | 100.0 |  13.0
               +-------+-------+-------+-------+-------+----------------------
